 Dungeon Crawl Stone Soup version 0.24.1 (webtiles) character file.

Game seed: 15295209801892752577, levelgen mode: deterministic

244 Descartes the Gusty (level 6, -3/32 HPs)
             Began as a Tengu Air Elementalist on Apr 4, 2020.
             Slain by Grinder (6 damage)
             ... while paralysed by Grinder
             ... on level 4 of the Dungeon.
             The game lasted 00:07:00 (4149 turns).

Descartes the Gusty (Tengu Air Elementalist)        Turns: 4149, Time: 00:07:00

Health: -3/32      AC:  2    Str:  8    XL:     6   Next: 10%
Magic:  7/11       EV:  2    Int: 17    God:
Gold:   123        SH:  0    Dex: 15    Spells: 2/10 levels left

rFire    . . .     SeeInvis +   z - +2 flail (protect)
rCold    . . .     Gourm    .   (no shield)
rNeg     . . .     Faith    .   a - +0 robe
rPois    .         Spirit   .   (helmet restricted)
rElec    .         Reflect  .   (no cloak)
rCorr    .         Harm     .   (no gloves)
MR       .....                  (boots unavailable)
Stlth    ++........             (no amulet)
HPRegen  0.10/turn              k - ring of see invisible
MPRegen  0.12/turn              (no ring)

@: paralysed, very slightly contaminated
A: beak, talons 3, able to fly
a: Fly


You were on level 4 of the Dungeon.
You were not hungry.

You visited 1 branch of the dungeon, and saw 4 of its levels.

You collected 123 gold pieces.

Inventory:

Hand Weapons
 g - a +0 hand axe
 q - a +0 dagger of holy wrath
 z - a +2 flail of protection (weapon)
Missiles
 b - 78 stones (quivered)
 l - 23 bolts
 s - 6 curare-tipped darts
 v - 4 atropa-tipped darts
 x - a throwing net
Armour
 a - a +0 robe (worn)
 u - a cursed +0 buckler
Jewellery
 k - a ring of see invisible (left hand)
Wands
 t - a wand of flame (19)
 y - a wand of scattershot (4)
Scrolls
 d - 2 scrolls of remove curse {unknown}
 f - a scroll of noise {unknown}
 h - a scroll of enchant weapon {unknown}
 i - a scroll of teleportation {unknown}
 o - a scroll of enchant armour {unknown}
Potions
 e - 3 potions of ambrosia {unknown}
 j - a potion of lignification {unknown}
 m - a potion of curing {unknown}
 n - 2 potions of degeneration {unknown}
 p - a potion of magic {unknown}
 r - a potion of heal wounds {unknown}
 w - a potion of cancellation {unknown}
Comestibles
 c - 4 rations


   Skills:
 + Level 3.5 Dodging
 + Level 3.3 Stealth
 + Level 1.1 Shields
 + Level 2.9 Spellcasting
 + Level 3.4 Conjurations
 + Level 5.2 Air Magic


You had 2 spell levels left.
You knew the following spells:

 Your Spells              Type           Power        Failure   Level  Hunger
a - Shock                 Conj/Air       ###.         3%          1    #......
b - Airstrike             Air            ###.......   21%         4    #####..
c - Static Discharge      Conj/Air       ###.....     9%          3    ###....

Your spell library contained the following spells:

 Spells                   Type           Power        Failure   Level  Hunger
 Swiftness                Chrm/Air       ##......     9%          2    ##.....
 Lightning Bolt           Conj/Air       ###.......   63%         5    ######.


Dungeon Overview and Level Annotations

Branches:
Dungeon (4/15)
 Temple: D:4-7

Altars:
Ashenzari
Kikubaaqudgha
Makhleb
Uskayaw

Annotations:
D:4 3 runed translucent doors, Grinder


Innate Abilities, Weirdness & Mutations

You have a beak for a mouth.
You have claws for feet.
You can fly continuously.


Message History

Press: ? - help, Shift-Dir - straight line The zap hits Grinder.
Grinder is moderately wounded.
You hit Grinder but do no damage.
Your weapon exudes an aura of protection.
You claw Grinder.
Grinder is heavily wounded.
Grinder gestures at you.
You suddenly lose the ability to move!
Grinder says, "Mostly I couldn't keep them alive."
Grinder hits you but does no damage. Grinder completely misses you.
Grinder hits you.
You writhe in agony.
Grinder says, "Are you a fish?" Grinder hits you.
* * * LOW HITPOINT WARNING * * *
You writhe in agony.
* * * LOW HITPOINT WARNING * * *
Grinder hits you.
You die...

.##.#..##≈.....≈##.....#
...<#..##≈§...≈≈##..####
.#####..##≈≈§≈≈##...# .#
##..##§.≈##..#.# .#
##..##§##..##.# .#
##........##.# .#
####.###.##.# .#
#.....##.# ## #####@##.#
#...5....# #.####.#.# #.
# #


You could see Grinder.

Vanquished Creatures
  2 orc wizards (D:3)
  A bullfrog skeleton (D:4)
  2 worker ants (D:4)
  5 adders
  A worm (D:2)
  3 leopard geckos
  3 orcs (D:3)
  2 giant cockroaches
  13 goblins
  6 hobgoblins
  3 jackals (D:2)
  A quokka (D:2)
  2 ball pythons
  5 bats
  3 frilled lizards
  4 kobolds
  5 rats
61 creatures vanquished.

Notes
Turn   | Place    | Note
-------+----------+-------------------------------------------
     0 | D:1      | Descartes the Tengu Air Elementalist began the quest for
                  | the Orb.
     0 | D:1      | Reached XP level 1. HP: 10/10 MP: 4/4
   415 | D:1      | Reached XP level 2. HP: 15/15 MP: 3/6
  1136 | D:2      | Reached XP level 3. HP: 16/19 MP: 0/7
  2174 | D:2      | Reached XP level 4. HP: 24/24 MP: 5/8
  2277 | D:2      | Found an ancient bone altar of Kikubaaqudgha.
  3062 | D:3      | Learned a level 4 spell: Airstrike
  3066 | D:3      | Learned a level 3 spell: Static Discharge
  3174 | D:3      | Gained mutation: You can fly continuously. [Tengu growth]
  3174 | D:3      | Reached XP level 5. HP: 20/28 MP: 5/9
  3179 | D:3      | Reached skill level 5 in Air Magic
  3385 | D:3      | Found a faded altar of an unknown god.
  3797 | D:4      | Found a runed translucent gate.
  3797 | D:4      | Found a runed translucent gate.
  3797 | D:4      | Found a runed translucent gate.
  3910 | D:4      | Reached skill level 1 in Shields
  4038 | D:4      | Found a burning altar of Makhleb.
  4038 | D:4      | Found a hide-covered altar of Uskayaw.
  4038 | D:4      | Found a shattered altar of Ashenzari.
  4046 | D:4      | Reached XP level 6. HP: 32/32 MP: 2/11
  4139 | D:4      | Noticed Grinder
  4145 | D:4      | Paralysed by Grinder for 7 turns
  4149 | D:4      | Slain by Grinder

Levels and vault maps discovered:
D:1:      dpeg_arrival_snail, layout_basic
D:2:      layout_loops_corners, lemuel_coloured_pillars_altar
D:3:      kennysheep_the_goblin_king, layout_loops_ring, first_ration,
          chequers_ecumenical_altar_simple, serial_rivers,
          chequers_serial_rivers_micro_a, chequers_serial_rivers_small_3,
          chequers_serial_rivers_small_3, chequers_serial_rivers_room_a
D:4:      layout_loops_ring, lemuel_crystal_altar,
          gammafunk_temple_overflow_claw, gammafunk_ghost_icy,
          hangedman_abyss_or_decor_slice, minmay_diced_spiral, uniq_grinder

Skill      XL: |  1  2  3  4  5 |
---------------+----------------+-----
Conjurations   | 2 3 |  3.4
Dodging        | 3 |  3.5
Stealth        | 3 |  3.3
Air Magic      | 5 |  5.2
Shields        | 1 |  1.1
Spellcasting   | |  2.9

Action                   |  1- 3 |  4- 6 || total
-------------------------+-------+-------++-------
Melee: Hand axe          |     4 |     6 ||    10
       Peck              |     1 |       ||     1
       Kick              |       |     4 ||     4
       Flail             |       |     1 ||     1
 Cast: Shock             |    72 |    84 ||   156
  Eat: Chunk             |     5 |     4 ||     9
       Ration            |       |     1 ||     1
Armor: Robe              |     4 |     9 ||    13
Dodge: Dodged            |     5 |     8 ||    13
